AoeStats
← MatzeAoE

Arena

505930144Analyzed
1v1 RM · 21d ago on Sep 11, 2026· 40m 27s· 2 players
Game mode
Random Map
Map size
Tiny (2 player)
Population
200
Speed
Normal
Resources
Standard
Victory
Conquest
Starting age
Dark Age
Ending age
Imperial Age
RankedLock teamsTeams togetherTeam positionsShared explorationLock speedFull tech treeHidden civsTurbo modeCheats
Victory
Defeat
🇪🇸 Saracens · Spain
2188
+13
🇩🇪 Romans · Germany
2131
-13
MatzeAoE
8:18 Feudal Age
9:08 Double-Bit Axe
9:57 Loom
15:10 Fletching
19:27 Horse Collar
23:37 Castle Age
23:39 Crossbowman
24:17 Bodkin Arrow
42:33 Imperial Age
_Tomate
8:59 Loom
11:04 Feudal Age
11:52 Double-Bit Axe
18:49 Castle Age
17:17 Fletching
18:53 Crossbowman
19:37 Bodkin Arrow
23:32 Ballistics
35:10 Gold Mining
35:33 Bow Saw
35:03 Horse Collar
35:17 Town Watch
36:08 Wheelbarrow
39:44 Imperial Age
42:04 Chemistry
41:05 Bracer
Connection lost

Rejoining the realm…

Still unreachable

The connection could not be restored.

Session expired

The server has moved on; the page needs a fresh start.